 Dungeon Crawl Stone Soup version 0.27.1-4-g1640c2035a (webtiles) character file.

Game seed: 17888082403738459353

18272 Johnny the Fencer (level 12, -7/100 HPs)
             Began as a Human Berserker on Nov 1, 2021.
             Was a High Priest of Trog.
             Mangled by a yak (9 damage)
             ... on level 1 of the Lair of Beasts.
             The game lasted 00:11:26 (14487 turns).

Johnny the Fencer (Human Berserker)                Turns: 14487, Time: 00:11:27

Health: -7/100     AC: 14    Str: 21    XL:     12   Next: 93%
Magic:  12/12      EV:  8    Int:  7    God:    Trog [*****.]
Gold:   732        SH:  5    Dex: 21    Spells: 11/11 levels left

rFire    . . .     SeeInvis +   B - +3 scimitar (flame)
rCold    . . .     Faith    .   (no shield)
rNeg     . . .     Spirit   .   f - +3 chain mail
rPois    .         Reflect  +   s - +2 hat {SInv}
rElec    .         Harm     .   (no cloak)
rCorr    .         Rampage  .   (no gloves)
Will     +++..                  E - +0 pair of boots
Stlth    ..........             J - amulet of reflection
HPRegen  1.26/turn              D - ring of willpower
MPRegen  0.13/turn              K - +6 ring of dexterity

@: lethally poisoned (-7 -> -8), strong-willed, on berserk cooldown,
regenerating, slowed, very slow
A: no striking features
a: Renounce Religion, Berserk, Trog's Hand, Brothers in Arms


You were on level 1 of the Lair of Beasts.
You worshipped Trog.
Trog was extremely pleased with you.
You visited 2 branches of the dungeon, and saw 12 of its levels.
You also visited: Ossuary.

You collected 732 gold pieces.

Inventory:

Hand Weapons
 a - a +0 falchion
 h - a +3 short sword of venom
 i - a +0 rapier of electrocution
 p - a +0 great sword
 B - a +3 scimitar of flaming (weapon)
 H - a +3 long sword of protection
Missiles
 b - 2 throwing nets (quivered)
Armour
 f - a +3 chain mail (worn)
 s - a +2 hat of see invisible (worn)
 E - a +0 pair of boots (worn)
Jewellery
 g - a ring of flight
 D - a ring of willpower (left hand)
 F - a ring of fire
 J - an amulet of reflection (around neck)
 K - a +6 ring of dexterity (right hand)
 M - a ring of protection from cold
Wands
 v - a wand of acid (4)
 A - a wand of charming (5)
Scrolls
 e - 2 scrolls of immolation
 j - 4 scrolls of teleportation
 w - 4 scrolls of enchant armour
 x - a scroll of holy word
 y - a scroll of noise
 C - 2 scrolls of magic mapping
 I - 2 scrolls of vulnerability
 L - 2 scrolls of amnesia {unknown}
 N - a scroll of blinking {unknown}
Potions
 c - 8 potions of curing
 d - 2 potions of cancellation
 k - 5 potions of degeneration
 l - 2 potions of lignification
 m - 4 potions of resistance
 n - a potion of invisibility
 o - a potion of ambrosia {unknown}
 q - a potion of haste {unknown}
 r - 2 potions of brilliance {unknown}
 t - 2 potions of heal wounds {unknown}
 u - a potion of flight {unknown}
 z - 2 potions of mutation {unknown}
 G - a potion of magic {unknown}


   Skills:
 + Level 11.3 Fighting
 * Level 16.3 Long Blades
 - Level 2.0 Armour
 - Level 2.0 Dodging


You had 11 spell levels left.
You didn't know any spells.
Your spell library was empty.

Dungeon Overview and Level Annotations

Branches:
Dungeon (10/15)            Temple (0/1) D:6            Lair (2/6) D:9
    Orc (0/2) D:9         Ossuary (visited)
  Swamp: Lair:2-4    Shoals: Lair:2-4     Snake: Lair:2-4    Spider: Lair:2-4

Altars:
Cheibriados
Elyvilon
Fedhas
Makhleb
Nemelex Xobeh
Vehumet
Xom

Shops:
D:1 *   D:3 =


Message History

You feel very sick.
The bullfrog hits you but does no damage.
You slice the bullfrog!! You burn the bullfrog.
You kill the bullfrog!
Trog accepts your kill.
You feel very sick. The yak gores you but does no damage.
A yak comes into view.
You feel sick.
The yak bellows!
A yak comes into view.
You see here a bullfrog corpse.
You slash the yak! You burn the yak.
The yak is moderately wounded.
You feel sick. The yak gores you!
* * * LOW HITPOINT WARNING * * *
A yak comes into view.
You closely miss the yak.
The yak is moderately wounded.
You feel sick.
You feel sick.
A yak comes into view.
You feel a strong urge to attack something.
You feel sick. The yak gores you.
* * * LOW HITPOINT WARNING * * *
The yak moves out of view.
There is a stone staircase leading up, spattered with blood here.
You feel sick.
You climb upwards.
You feel your anger nearly subside.
You are no longer berserk.
You are exhausted.
You feel yourself slow down.
You feel very sick.
There is a stone staircase leading down here.
Your skin crawls.
You feel strong-willed.
You feel sick. The yak gores you!
* * * LOW HITPOINT WARNING * * *
The yak gores you!
You die...

.........##..........≈≈≈≈≈≈≈≈≈≈≈.
#.......###..#........≈≈≈.>≈≈≈≈..
##...#### #..#........≈≈≈≈.≈≈≈≈..
###...# #..#........≈≈≈≈≈≈≈≈≈..
.##..P#####...........≈≈≈≈≈≈≈≈≈..
..#..........#..........≈≈≈≈≈.≈..
..#...................P..≈≈......
..##..###..#..........######.....
.##...###..###..@Y....# #.....
####..P......#........# #.....
##....................## #.....
###..............).....# #.....
......#...............## #.....
..#....#..............## #.....
.##...###P###..........# #.....
##....# ### ##........## ##.....
......### #.........####......


You could see a yak.

Vanquished Creatures
  Erolcha (D:9)
  A hydra (Lair:1)
  Erica (D:10)
  4 slime creatures (D:9)
  4 centaur zombies
  3 cane toads
  2 kobold demonologists (D:9)
  2 komodo dragons (Lair:1)
  A queen bee (D:8)
  A polar bear (Lair:2)
  A hornet (D:10)
  Grinder (D:3)
  3 blink frogs (Lair:1)
  2 wraiths
  2 wyverns
  25 yaks
  A steam dragon (D:9)
  8 water moccasins
  An orc warrior (D:10)
  3 ogres
  4 centaurs
  An ice beast (D:7)
  A necrophage (D:6)
  5 kobold brigands
  4 bullfrogs
  A scorpion (D:4)
  A wyvern skeleton (D:5)
  31 killer bees
  8 wights
  2 howler monkeys
  A vampire bat (Lair:1)
  3 electric eels (D:9)
  A jelly (D:6)
  5 orc priests
  4 hounds
  3 iguanas
  8 orc wizards
  A killer bee zombie (D:7)
  A hound skeleton (D:5)
  A mummy (Ossuary)
  Robin (D:2)
  11 gnolls
  A gnoll zombie (D:8)
  7 adders
  A shadow imp (D:7)
  An ufetubus (D:6)
  3 worms
  4 dart slugs
  23 orcs
  15 bats
  6 endoplasms
  A giant cockroach (D:1)
  17 goblins
  14 hobgoblins
  10 jackals
  5 quokkas
  6 ball pythons
  5 frilled lizards
  7 gnoll skeletons (Ossuary)
  28 kobolds
  8 kobold skeletons (Ossuary)
  10 orc skeletons (Ossuary)
  5 rats
342 creatures vanquished.

Vanquished Creatures (collateral kills)
  Gastronok (D:9)
  A wraith (D:9)
2 creatures vanquished.

Vanquished Creatures (others)
  13 plants
13 creatures vanquished.

Grand Total: 357 creatures vanquished

Notes
Turn   | Place    | Note
-------+----------+-------------------------------------------
     0 | D:1      | Johnny the Human Berserker began the quest for the Orb.
     0 | D:1      | Reached XP level 1. HP: 18/18 MP: 1/1
   425 | D:1      | Reached XP level 2. HP: 17/24 MP: 2/2
   801 | D:1      | Found Zomurath's General Store.
   870 | D:1      | Reached XP level 3. HP: 17/29 MP: 3/3
  1178 | D:1      | Reached skill level 4 in Long Blades
  1398 | D:1      | Reached ** piety under Trog
  1701 | D:2      | Reached XP level 4. HP: 35/35 MP: 4/4
  1710 | D:2      | Noticed Robin
  1968 | D:2      | Killed Robin
  2289 | D:2      | Reached XP level 5. HP: 39/42 MP: 5/5
  2655 | D:3      | Noticed Grinder
  2664 | D:3      | Killed Grinder
  2665 | D:3      | Reached skill level 6 in Long Blades
  2665 | D:3      | Reached XP level 6. HP: 49/49 MP: 6/6
  3022 | D:3      | Found Rurax's Jewellery Shop.
  3183 | D:3      | Found a radiant altar of Vehumet.
  3228 | D:3      | Reached XP level 7. HP: 55/55 MP: 7/7
  3453 | D:4      | Found a sand-covered staircase.
  3462 | Ossuary  | Entered an ossuary
  3462 | Ossuary  | Noticed a wraith
  3462 | Ossuary  | Noticed a wraith
  3462 | Ossuary  | Noticed a wraith
  3484 | Ossuary  | Reached *** piety under Trog
  3593 | Ossuary  | Noticed a wraith
  3604 | Ossuary  | Killed a wraith
  3605 | Ossuary  | Reached skill level 5 in Fighting
  3808 | D:4      | Reached skill level 7 in Long Blades
  4012 | D:4      | Reached XP level 8. HP: 44/63 MP: 8/8
  4818 | D:4      | Reached skill level 8 in Long Blades
  4948 | D:5      | Entered Level 5 of the Dungeon
  5123 | D:5      | Reached **** piety under Trog
  5918 | D:5      | Found a snail-covered altar of Cheibriados.
  5918 | D:5      | Found a shimmering altar of Xom.
  6117 | D:6      | Found a burning altar of Makhleb.
  6127 | D:6      | Reached skill level 9 in Long Blades
  6127 | D:6      | Reached XP level 9. HP: 71/72 MP: 9/9
  6217 | D:6      | Found a staircase to the Ecumenical Temple.
  6372 | D:6      | Found a sparkling altar of Nemelex Xobeh.
  6377 | D:6      | Found a white marble altar of Elyvilon.
  6618 | D:7      | Reached skill level 10 in Long Blades
  7810 | D:8      | Reached skill level 11 in Long Blades
  7810 | D:8      | Reached XP level 10. HP: 53/80 MP: 10/10
  8291 | D:8      | Reached skill level 12 in Long Blades
  8399 | D:8      | Found a transporter.
  8570 | D:8      | Found a blossoming altar of Fedhas.
  8625 | D:8      | Found a transporter.
  9524 | D:9      | Reached skill level 13 in Long Blades
  9524 | D:9      | Reached XP level 11. HP: 89/89 MP: 11/11
  9766 | D:9      | Noticed a soul eater
 10761 | D:9      | Found a staircase to the Orcish Mines.
 10850 | D:9      | Noticed Erolcha
 10851 | D:9      | Reached skill level 14 in Long Blades
 10876 | D:9      | Killed Erolcha
 11369 | D:9      | Found a staircase to the Lair.
 11411 | D:9      | Noticed Gastronok
 11438 | D:9      | Killed Gastronok
 11784 | D:10     | Entered Level 10 of the Dungeon
 11841 | D:10     | Reached skill level 10 in Fighting
 11914 | D:10     | Reached XP level 12. HP: 57/97 MP: 12/12
 12228 | D:10     | Reached skill level 15 in Long Blades
 12435 | D:10     | Noticed Erica
 12443 | D:10     | Killed Erica
 12578 | D:10     | Reached ***** piety under Trog
 13033 | Lair:1   | Entered Level 1 of the Lair of Beasts
 13239 | Lair:1   | Noticed a five-headed hydra
 13252 | Lair:1   | Killed a one-headed hydra
 13527 | Lair:1   | Reached skill level 16 in Long Blades
 14487 | Lair:1   | HP: 2/100 [yak (12)]
 14487 | Lair:1   | Mangled by a yak

Illustrated notes

Levels and vault maps discovered:
D:1:      ebering_trefoil_twist, layout_basic, serial_shops,
          nicolae_shop_behind_doors, serial_bayou_pond_b, minmay_split_cup_small
D:2:      layout_loops_ring, uniq_robin
D:3:      layout_loops_ring, mainiacjoe_overflow_alcove_2, serial_shops, shop,
          uniq_grinder
D:4:      layout_loops_ring, nicolae_ossuary_entry_monument
D:5:      layout_loops_ring, amethyst_overflow_temple_binary
D:6:      layout_rooms, bloody_makhleb, mainiacjoe_overflow_large_starburst,
          minmay_temple_entry_drinking_statues
D:7:      layout_cave_pods
D:8:      gammafunk_cloud_chamber, layout_rooms, fedhas_ov_isle_minmay,
          nicolae_looking_at_the_future
D:9:      layout_basic, orc_0_dummy, uniq_erolcha, uniq_gastronok
D:10:     layout_roguey, minmay_splitting_lines, uniq_erica
Lair:1:   layout_gridlike, roderic_batcave, infiniplex_staircase_pool_2
Lair:2:   layout_small_grid, swamp_mist, gammafunk_ghost_wrathful_warriors,
          grunt_megastairs_3, serial_bayou_shore_a

Skill      XL: |  1  2  3  4  5  6  7  8  9 10 11 12 |
---------------+-------------------------------------+-----
Long Blades    | 4 6 7 9 11 13 14 16 | 16.3
Fighting       | 4 5 7 8 9 10 11 | 11.3
Armour         | |  2.0
Dodging        | |  2.0

Action                   |  1- 3 |  4- 6 |  7- 9 | 10-12 || total
-------------------------+-------+-------+-------+-------++-------
Melee: Falchion          |    85 |    43 |       |       ||   128
       Short sword       |       |    81 |     2 |       ||    83
       Rapier            |       |       |   323 |    47 ||   370
       Long sword        |       |       |       |   356 ||   356
       Scimitar          |       |       |       |   181 ||   181
Invok: Berserk           |     3 |     3 |    10 |    15 ||    31
       Trog's Hand       |       |     1 |     2 |    13 ||    16
Evoke: Wand              |       |       |       |    15 ||    15
  Use: Scroll            |       |       |    15 |     8 ||    23
       Potion            |       |       |       |     2 ||     2
 Stab: Sleeping          |     1 |       |       |       ||     1
Armor: Animal skin       |    21 |       |       |       ||    21
       Chain mail        |    19 |    94 |   168 |   296 ||   577
Dodge: Dodged            |    76 |    53 |   107 |   179 ||   415
Block: Other             |       |       |     8 |   127 ||   135
       Reflection        |       |       |       |     3 ||     3
       Rpst.: Falchion   |    25 |     9 |       |       ||    34
       Long sword        |       |       |       |    33 ||    33
       Scimitar          |       |       |       |    17 ||    17
